 Dungeon Crawl Stone Soup version 0.22.1-2-g9c5b331 (webtiles) character file.

224 Fang the Chopper (level 6, -2/39 HPs)
             Began as a Gargoyle Berserker on Dec 17, 2018.
             Was a Priest of Trog.
             Slain by Sigmund
             ... wielding a cursed -1 scythe
              (5 damage)
             ... on level 4 of the Dungeon.
             The game lasted 00:03:41 (3281 turns).

Fang the Chopper (Gargoyle Berserker)               Turns: 3281, Time: 00:03:42

Health: -2/39      AC:  6    Str: 22    XL:     6   Next: 0%
Magic:  2/2        EV: 12    Int:  8    God:    Trog [***...]
Gold:   258        SH:  0    Dex:  9    Spells: 5/5 levels left

rFire    . . .     SeeInvis .   r - +0 war axe (antimagic)
rCold    . . .     Gourm    .   (no shield)
rNeg     + . .     Faith    .   b - +0 animal skin
rPois    ∞         Spirit   .   (no helmet)
rElec    +         Reflect  .   (no cloak)
rCorr    .         Harm     .   (no gloves)
MR       .....                  (no boots)
Stlth    +.........             (no amulet)
HPRegen  0.13/turn              (no ring)
MPRegen  0.08/turn              (no ring)

@: no status effects
A: negative energy resistance 1, electricity resistance, unbreathing,
petrification resistance, rot immunity, AC +4
a: Berserk, Trog's Hand, Renounce Religion


You were on level 4 of the Dungeon.
You worshipped Trog.
Trog was most pleased with you.
You were not hungry.

You visited 1 branch of the dungeon, and saw 4 of its levels.

You collected 258 gold pieces.

Inventory:

Hand Weapons
 a - a +0 hand axe
 n - a +0 war axe
 r - a +0 antimagic war axe (weapon)
Armour
 b - a +0 animal skin (worn)
Scrolls
 e - 9 scrolls of identify {unknown}
 f - 2 scrolls of magic mapping {unknown}
 g - a scroll of teleportation {unknown}
 h - a scroll of enchant weapon {unknown}
 j - 2 scrolls of amnesia {unknown}
 k - a scroll of immolation {unknown}
Potions
 d - a potion of mutation {unknown}
 i - 2 potions of flight {unknown}
 l - 2 potions of lignification {unknown}
 m - a potion of might {unknown}
 o - a potion of cancellation {unknown}
 q - a potion of haste {unknown}
Comestibles
 c - 7 rations


   Skills:
 + Level 4.3 Fighting
 + Level 4.5 Axes
 + Level 2.6 Armour
 + Level 2.4 Dodging
 + Level 1.4 Stealth


You had 5 spell levels left.
You didn't know any spells.
Your spell library was empty.

Dungeon Overview and Level Annotations

Branches:
Dungeon (4/15)
 Temple: D:4-7

Altars:
Dithmenos
The Shining One

Shops:
D:4 *

Annotations:
D:4 Sigmund


Innate Abilities, Weirdness & Mutations

You are resistant to torment.
Your stone body is resilient. (AC +4)
You are immune to poison.
You resist negative energy. (rN+)
You are resistant to electric shocks. (rElec)
You can survive without breathing.
You are immune to petrification.
You are immune to rotting.


Message History

No target in view!
No target in view!
No target in view!
No target in view!
No target in view!
No target in view!
No target in view!
Something hits you!
You slash something! Something hits you!
You closely miss something. Something hits you.
You miss something. Something hits you.
You hit something. Something barely misses you.
You miss something. You miss something. Something hits you!
* * * LOW HITPOINT WARNING * * *
You miss something. Something hits you.
* * * LOW HITPOINT WARNING * * *
You hit something. Something hits you but does no damage.
You completely miss something. Something hits you.
You die...

##### ##...##
##.....####
#.......#.##
#.....@.#..############
#.....{.........(......
##......##........#####
#.......###.....#....##
#.......# #####.####.#.
#.......# #..# #...
##.....## ##.# ###.
##...## #.## #. ####
#..## #.


There were no monsters in sight!

Vanquished Creatures
  A worker ant (D:4)
  10 adders
  An ooze (D:2)
  2 worms
  4 dart slugs
  3 leopard geckos
  7 orcs (D:3)
  7 bats
  3 giant cockroaches
  12 goblins
  10 hobgoblins
  6 jackals (D:3)
  A quokka (D:3)
  A ball python (D:2)
  3 frilled lizards
  4 kobolds
  7 rats
82 creatures vanquished.

Notes
Turn   | Place    | Note
-------+----------+-------------------------------------------
     0 | D:1      | Fang the Gargoyle Berserker began the quest for the Orb.
     0 | D:1      | Reached XP level 1. HP: 14/14 MP: 1/1
   164 | D:1      | Reached XP level 2. HP: 10/19 MP: 2/2
   738 | D:2      | Reached XP level 3. HP: 16/24 MP: 3/3
  1027 | D:2      | Reached XP level 4. HP: 26/29 MP: 4/4
  1181 | D:2      | Reached skill level 1 in Stealth
  1194 | D:2      | Reached ** piety under Trog
  1776 | D:3      | Reached XP level 5. HP: 33/33 MP: 5/5
  2395 | D:3      | Reached *** piety under Trog
  2405 | D:3      | Found a glowing golden altar of the Shining One.
  2993 | D:4      | Found Fuevyevo's Assorted Antiques.
  3021 | D:4      | Found a shadowy altar of Dithmenos.
  3047 | D:4      | Reached XP level 6. HP: 23/39 MP: 2/6
  3265 | D:4      | Noticed Sigmund
  3281 | D:4      | Slain by Sigmund

Skill      XL: |  1  2  3  4  5 |
---------------+----------------+-----
Axes           | 3 4 |  4.5
Fighting       | 4 |  4.3
Dodging        | 2 |  2.4
Stealth        | 1 |  1.4
Armour         | |  2.6

Action                   |  1- 3 |  4- 6 || total
-------------------------+-------+-------++-------
Melee: Hand axe          |    85 |    72 ||   157
       War axe           |       |   103 ||   103
Invok: Berserk           |       |     1 ||     1
 Stab: Sleeping          |     1 |     2 ||     3
  Eat: Chunk             |       |     9 ||     9
Armor: Animal skin       |    40 |    43 ||    83
Dodge: Dodged            |    61 |   109 ||   170
